DSL
DSL PHILADELPHIA PHILLIES @ DSL DETROIT TIGERS
07/27/2041
 
TOP OF THE 1ST
DSL Philadelphia Phillies batting - Pitching for DSL Detroit Tigers : RHP Freddie Baird
Pitching: RHP Freddie Baird
Batting: LHB Tony Sánchez 0-0: Bunted foul
0-1: Ball
1-1: Ground out 4-3 (Groundball, 34D, EV 95.6 MPH)
Batting: RHB Ken Taváres 0-0: Swinging Strike
0-1: Ball
1-1: Swinging Strike
1-2: Strikes out swinging
Batting: RHB Rubén Rivera 0-0: Fly out, F8 (Flyball, 8LXD, EV 93.1 MPH)
Top of the 1st over - 0 runs, 0 hits, 0 errors, 0 left on base; DSL Philadelphia 0 - DSL Detroit 0
BOTTOM OF THE 1ST
DSL Detroit Tigers batting - Pitching for DSL Philadelphia Phillies : LHP Dimian Catorrinho
Pitching: LHP Dimian Catorrinho
Batting: RHB Ed Daniels 0-0: Ball
1-0: Called Strike
1-1: Ball
2-1: Ball
3-1: Called Strike
3-2: SOLO HOME RUN (Flyball, 7D, EV 96.3 MPH), Distance : 367 ft
Batting: RHB Ánibal López 0-0: Ball
1-0: Called Strike
1-1: Foul Ball, location: 5FF
1-2: Strikes out swinging
Batting: SHB Jesús Fernández 0-0: SINGLE (Line Drive, 78S, EV 88.8 MPH)
Batting: RHB Tommy Bell 0-0: Ball
1-0: Ball
2-0: Ball
3-0: Base on Balls
Jesús Fernández to second
Batting: RHB Dan Murdock 0-0: Ball
1-0: Ball
2-0: Foul Ball, location: 9LDF
2-1: Foul Ball, location: 2F
2-2: Ball
3-2: Strikes out looking
Batting: RHB Jeff Jackson 0-0: Called Strike
0-1: Foul Ball, location: 5F
0-2: Strikes out looking
Bottom of the 1st over - 1 run, 2 hits, 0 errors, 2 left on base; DSL Philadelphia 0 - DSL Detroit 1
TOP OF THE 2ND
DSL Philadelphia Phillies batting - Pitching for DSL Detroit Tigers : RHP Freddie Baird
Batting: RHB Clarence Jones 0-0: Called Strike
0-1: Called Strike
0-2: Strikes out swinging
Batting: RHB Juan Alba 0-0: Called Strike
0-1: Foul Ball, location: 9LDF
0-2: Strikes out swinging
Batting: RHB Sergio Calderón 0-0: Ball
1-0: Ball
2-0: Called Strike
2-1: Foul Ball, location: 2F
2-2: Strikes out looking
Top of the 2nd over - 0 runs, 0 hits, 0 errors, 0 left on base; DSL Philadelphia 0 - DSL Detroit 1
BOTTOM OF THE 2ND
DSL Detroit Tigers batting - Pitching for DSL Philadelphia Phillies : LHP Dimian Catorrinho
Batting: RHB Curt Gordon 0-0: Ball
1-0: Ball
2-0: Called Strike
2-1: Foul Ball, location: 2RF
2-2: Ball
3-2: Foul Ball, location: 25FF
3-2: Base on Balls
Batting: RHB Jarred McClain 0-0: Sac Bunt to 13S - play at first, batter OUT! 1-3
Curt Gordon to second
Batting: RHB Ludovic Riano 0-0: Foul Ball, location: 2F
0-1: Foul Ball, location: 5SF
0-2: Strikes out swinging
Batting: RHB Ed Daniels 0-0: Swinging Strike
0-1: Ball
1-1: Ball
2-1: Called Strike
2-2: Ball
3-2: Foul Ball, location: 7LSF
3-2: Base on Balls
Batting: RHB Ánibal López 0-0: Called Strike
0-1: Ball
1-1: Foul Ball, location: 25F
1-2: Ball
2-2: Strikes out swinging
Bottom of the 2nd over - 0 runs, 0 hits, 0 errors, 2 left on base; DSL Philadelphia 0 - DSL Detroit 1
TOP OF THE 3RD
DSL Philadelphia Phillies batting - Pitching for DSL Detroit Tigers : RHP Freddie Baird
Batting: RHB Kevin Tidwell 0-0: Called Strike
0-1: Called Strike
0-2: Ball
1-2: Strikes out swinging
Batting: LHB Jeff King 0-0: Ball
1-0: Ball
2-0: Ball
3-0: Base on Balls
Batting: RHB Duane Dotson 0-0: Swinging Strike
0-1: Ball
1-1: Swinging Strike
1-2: Foul Ball, location: 5FF
1-2: Strikes out swinging
Batting: LHB Tony Sánchez 0-0: Called Strike
0-1: Swinging Strike
0-2: Ball
1-2: Ball
2-2: Foul Ball, location: 5F
2-2: Strikes out looking
Top of the 3rd over - 0 runs, 0 hits, 0 errors, 1 left on base; DSL Philadelphia 0 - DSL Detroit 1
BOTTOM OF THE 3RD
DSL Detroit Tigers batting - Pitching for DSL Philadelphia Phillies : LHP Dimian Catorrinho
Batting: SHB Jesús Fernández 0-0: Foul Ball, location: 2RF
0-1: Ball
1-1: Foul Ball, location: 2F
1-2: Ball
2-2: Foul Ball, location: 9LDF
2-2: Fly out, F8 (Flyball, 8LD, EV 98.8 MPH)
Batting: RHB Tommy Bell 0-0: Foul Ball, location: 2F
0-1: Ball
1-1: Swinging Strike
1-2: Ball
2-2: Ground out 4-3 (Groundball, 4, EV 106.3 MPH)
Batting: RHB Dan Murdock 0-0: Ball
1-0: Ball
2-0: Ball
3-0: Called Strike
3-1: Foul Ball, location: 2F
3-2: Base on Balls
Batting: RHB Jeff Jackson 0-0: Foul Ball, location: 7LDF
0-1: Swinging Strike
0-2: Ball
1-2: Strikes out swinging
Bottom of the 3rd over - 0 runs, 0 hits, 0 errors, 1 left on base; DSL Philadelphia 0 - DSL Detroit 1
TOP OF THE 4TH
DSL Philadelphia Phillies batting - Pitching for DSL Detroit Tigers : RHP Freddie Baird
Batting: RHB Ken Taváres 0-0: Ball
1-0: Foul Ball, location: 2F
1-1: Called Strike
1-2: SINGLE (Flyball, 3D, EV 93.1 MPH)
Batting: RHB Rubén Rivera 0-0: Foul Ball, location: 2F
0-1: Ball
1-1: Hit by Pitch
Ken Taváres to second
Batting: RHB Clarence Jones 0-0: Ball
1-0: Called Strike
1-1: Fly out, F4 (Popup, 34D, EV 48.8 MPH)
Batting: RHB Juan Alba 0-0: Grounds into double play, 4-6-3 (Groundball, 4, EV 103.8 MPH)
Top of the 4th over - 0 runs, 1 hit, 0 errors, 1 left on base; DSL Philadelphia 0 - DSL Detroit 1
BOTTOM OF THE 4TH
DSL Detroit Tigers batting - Pitching for DSL Philadelphia Phillies : LHP Dimian Catorrinho
Batting: RHB Curt Gordon 0-0: Ball
1-0: Foul Ball, location: 7LSF
1-1: Hit by Pitch
Batting: RHB Jarred McClain 0-0: Bunted foul
0-1: Sac Bunt to 2R - play at first, batter safe!
Curt Gordon to second
Batting: RHB Ludovic Riano 0-0: Foul Ball, location: 2F
0-1: Bunt missed!
0-2: Ball
1-2: Strikes out swinging
Batting: RHB Ed Daniels 0-0: Called Strike
0-1: Ball
1-1: Ball
2-1: Foul Ball, location: 7LMFF
2-2: Foul Ball, location: 3FF
2-2: Foul Ball, location: 9LDF
2-2: Fly out, F4 (Flyball, 4MD, EV 94.4 MPH)
Pitching: RHP José Ramírez
Batting: RHB Ánibal López 0-0: Ball
1-0: Ball
2-0: Called Strike
2-1: Fly out, F8 (Line Drive, 8RM, EV 90.6 MPH)
Bottom of the 4th over - 0 runs, 1 hit, 0 errors, 2 left on base; DSL Philadelphia 0 - DSL Detroit 1
TOP OF THE 5TH
DSL Philadelphia Phillies batting - Pitching for DSL Detroit Tigers : RHP Freddie Baird
Batting: RHB Sergio Calderón 0-0: Ball
1-0: Foul Ball, location: 9LMF
1-1: Ball
2-1: Foul Ball, location: 5FF
2-2: Ground out 1-3 (Groundball, 34S, EV 70.6 MPH)
Batting: RHB Kevin Tidwell 0-0: Called Strike
0-1: Foul Ball, location: 2F
0-2: Ball
1-2: Ball
2-2: Strikes out swinging
Batting: LHB Jeff King 0-0: Foul Ball, location: 3FF
0-1: Swinging Strike
0-2: Ball
1-2: Strikes out swinging
Top of the 5th over - 0 runs, 0 hits, 0 errors, 0 left on base; DSL Philadelphia 0 - DSL Detroit 1
BOTTOM OF THE 5TH
DSL Detroit Tigers batting - Pitching for DSL Philadelphia Phillies : RHP José Ramírez
Batting: SHB Jesús Fernández 0-0: Ball
1-0: Swinging Strike
1-1: Swinging Strike
1-2: Ball
2-2: Strikes out swinging
Batting: RHB Tommy Bell 0-0: Called Strike
0-1: Ball
1-1: Swinging Strike
1-2: Ball
2-2: Foul Ball, location: 2LF
2-2: Foul Ball, location: 23F
2-2: SOLO HOME RUN (Line Drive, 7LD, EV 96.3 MPH), Distance : 363 ft
Batting: RHB Dan Murdock 0-0: Ball
1-0: Swinging Strike
1-1: Foul Ball, location: 3SF
1-2: Ball
2-2: Foul Ball, location: 2F
2-2: Ground out 6-3 (Groundball, 4M, EV 84.4 MPH)
Batting: RHB Jeff Jackson 0-0: Foul Ball, location: 9LMF
0-1: Swinging Strike
0-2: Ball
1-2: SINGLE (Line Drive, 56D, EV 95.0 MPH)
Batting: RHB Curt Gordon 0-0: Ball
1-0: Called Strike
1-1: Swinging Strike
1-2: Ball
2-2: Strikes out swinging
Bottom of the 5th over - 1 run, 2 hits, 0 errors, 1 left on base; DSL Philadelphia 0 - DSL Detroit 2
TOP OF THE 6TH
DSL Philadelphia Phillies batting - Pitching for DSL Detroit Tigers : RHP Freddie Baird
Batting: RHB Duane Dotson 0-0: Ball
1-0: Ball
2-0: Swinging Strike
2-1: Called Strike
2-2: Ball
3-2: Strikes out swinging
Batting: LHB Tony Sánchez 0-0: Called Strike
0-1: Called Strike
0-2: Ball
1-2: Strikes out looking
Batting: RHB Ken Taváres 0-0: Swinging Strike
0-1: Ball
1-1: Swinging Strike
1-2: Strikes out looking
Top of the 6th over - 0 runs, 0 hits, 0 errors, 0 left on base; DSL Philadelphia 0 - DSL Detroit 2
BOTTOM OF THE 6TH
DSL Detroit Tigers batting - Pitching for DSL Philadelphia Phillies : RHP José Ramírez
Batting: RHB Jarred McClain 0-0: Swinging Strike
0-1: Ball
1-1: Swinging Strike
1-2: Strikes out swinging
Batting: RHB Ludovic Riano 0-0: Ball
1-0: Ball
2-0: Called Strike
2-1: Called Strike
2-2: Foul Ball, location: 9LDF
2-2: Foul Ball, location: 3FF
2-2: Foul Ball, location: 2F
2-2: Foul Ball, location: 3F
2-2: Strikes out looking
Batting: RHB Ed Daniels 0-0: Ball
1-0: Called Strike
1-1: Ball
2-1: Ball
3-1: Base on Balls
Batting: RHB Ánibal López 0-0: Ball
1-0: Ball
Wild Pitch!
Ed Daniels to second
2-0: Ball
3-0: Called Strike
3-1: Called Strike
3-2: Strikes out swinging
Bottom of the 6th over - 0 runs, 0 hits, 0 errors, 1 left on base; DSL Philadelphia 0 - DSL Detroit 2
TOP OF THE 7TH
DSL Philadelphia Phillies batting - Pitching for DSL Detroit Tigers : RHP Freddie Baird
Batting: RHB Rubén Rivera 0-0: Ball
1-0: Ball
2-0: Called Strike
2-1: Ball
3-1: Base on Balls
Batting: RHB Clarence Jones 0-0: Fly out, F8 (Flyball, 8LXD, EV 97.5 MPH)
Pinch Hitting: LHB Goffredo Bollati 0-0: Ball
1-0: Ball
2-0: Foul Ball, location: 23F
2-1: Foul Ball, location: 25F
2-2: Strikes out swinging
Pinch Hitting: LHB Aurelio De Jesús 0-0: Swinging Strike
0-1: Ball
Wild Pitch!
Rubén Rivera to second
1-1: Swinging Strike
1-2: Strikes out looking
Top of the 7th over - 0 runs, 0 hits, 0 errors, 1 left on base; DSL Philadelphia 0 - DSL Detroit 2
BOTTOM OF THE 7TH
DSL Detroit Tigers batting - Pitching for DSL Philadelphia Phillies : RHP José Ramírez
Now at 3B: Aurelio De Jesús
Now in CF: Alfredo Román
Batting: SHB Jesús Fernández 0-0: Called Strike
0-1: Fly out, F7 (Flyball, 7S, EV 91.3 MPH)
Batting: RHB Tommy Bell 0-0: Ball
1-0: Ball
2-0: Called Strike
2-1: Swinging Strike
2-2: Foul Ball, location: 2F
2-2: Foul Ball, location: 25F
2-2: Strikes out swinging
Batting: RHB Dan Murdock 0-0: Ball
1-0: SINGLE (Groundball, 34D, EV 100.0 MPH)
Batting: RHB Jeff Jackson 0-0: Foul Ball, location: 2F
0-1: Ball
Passed Ball!
Dan Murdock to second
1-1: Ball
2-1: Ball
3-1: Fly out, F7 (Flyball, 8LD, EV 91.3 MPH)
Bottom of the 7th over - 0 runs, 1 hit, 0 errors, 1 left on base; DSL Philadelphia 0 - DSL Detroit 2
TOP OF THE 8TH
DSL Philadelphia Phillies batting - Pitching for DSL Detroit Tigers : RHP Freddie Baird
Batting: RHB Kevin Tidwell 0-0: Called Strike
0-1: Ball
1-1: Foul Ball, location: 2F
1-2: Foul Ball, location: 5DF
1-2: Strikes out swinging
Batting: LHB Jeff King 0-0: Called Strike
0-1: Ball
1-1: Swinging Strike
1-2: Ball
2-2: Foul Ball, location: 23F
2-2: Ball
3-2: Foul Ball, location: 9LDF
3-2: Strikes out looking
Batting: RHB Duane Dotson 0-0: Ball
1-0: Swinging Strike
1-1: Foul Ball, location: 5F
1-2: Ball
2-2: Strikes out swinging
Top of the 8th over - 0 runs, 0 hits, 0 errors, 0 left on base; DSL Philadelphia 0 - DSL Detroit 2
BOTTOM OF THE 8TH
DSL Detroit Tigers batting - Pitching for DSL Philadelphia Phillies : RHP José Ramírez
Batting: RHB Curt Gordon 0-0: Foul Ball, location: 2F
0-1: Called Strike
0-2: Strikes out swinging
Pinch Hitting: RHB Pepe Martínez 0-0: Ball
1-0: Ball
2-0: Fly out, F9 (Flyball, 9LSF, EV 77.5 MPH)
Pinch Hitting: RHB Ty Carlson 0-0: Ball
1-0: DOUBLE (Flyball, 78XD, EV 91.3 MPH)
Pitching: RHP Baptiste Lambertini
Batting: RHB Ed Daniels 0-0: Ball
1-0: Ball
2-0: Ball
3-0: Called Strike
3-1: Base on Balls
Batting: RHB Ánibal López 0-0: Ball
1-0: Ball
2-0: Ball
3-0: Base on Balls
Ty Carlson to third
Ed Daniels to second
Batting: SHB Jesús Fernández 0-0: Ball
1-0: GRAND SLAM HOME RUN (Flyball, 9D, EV 101.3 MPH), Distance : 375 ft
Pitching: RHP Juan Velásquez
Batting: RHB Tommy Bell 0-0: Fly out, F8 (Flyball, 8RM, EV 93.8 MPH)
Bottom of the 8th over - 4 runs, 2 hits, 0 errors, 0 left on base; DSL Philadelphia 0 - DSL Detroit 6
TOP OF THE 9TH
DSL Philadelphia Phillies batting - Pitching for DSL Detroit Tigers : RHP Freddie Baird
Now at 3B: Leonardo Sánchez
Now in RF: Luis Rodríguez
Batting: LHB Tony Sánchez 0-0: Ball
1-0: Called Strike
1-1: Ball
2-1: SINGLE (Line Drive, 9S, EV 100.0 MPH)
Batting: RHB Ken Taváres 0-0: Called Strike
0-1: Swinging Strike
0-2: Strikes out swinging
Batting: RHB Rubén Rivera 0-0: Swinging Strike
0-1: Foul Ball, location: 2F
0-2: Ball
1-2: Ball
2-2: Foul Ball, location: 3FF
2-2: Foul Ball, location: 2F
2-2: Foul Ball, location: 2LF
2-2: Ball
3-2: Strikes out swinging
Pitching: RHP Chris Trent
Batting: RHB Clarence Jones 0-0: Ball
1-0: Called Strike
1-1: Swinging Strike
1-2: Ball
2-2: Ball
3-2: Strikes out looking
Top of the 9th over - 0 runs, 1 hit, 0 errors, 1 left on base; DSL Philadelphia 0 - DSL Detroit 6
Wednesday, April 3rd , 2024 - OOTP Baseball 24.10 Build 82